 Dungeon Crawl Stone Soup version 0.29.0-15-g675c0067aa (webtiles) character file.

Game seed: 18374520097950910713

179389 qw the Warrior (level 17, 0/168 HPs)
             Began as a Minotaur Berserker on Sept 11, 2022.
             Was an Elder of Trog.
             Shot with an arrow by a naga sharpshooter (9 damage)
             ... led by Vashnia
             ... on level 4 of the Snake Pit.
             The game lasted 00:13:10 (38216 turns).

qw the Warrior (Minotaur Berserker)                Turns: 38216, Time: 00:13:11

Health: 0/168      AC: 27    Str: 36    XL:     17   Next: 60%
Magic:  5/5        EV:  7    Int:  8    God:    Trog [****..]
Gold:   548        SH: 24    Dex: 10    Spells: 16/16 levels left

rFire   + . .      SeeInvis .   y - +5 broad axe (antimagic)
rCold   + . .      Faith    .   o - +0 tower shield
rNeg    . . .      Spirit   .   d - +3 plate armour {rPois}
rPois   +          Reflect  +   (helmet restricted)
rElec   .          Harm     .   f - scarf {rC+ rF+}
rCorr   .          Rampage  .   q - +1 pair of gloves of the Slightly Bent {Regen+ Int+4}
Will    +....                   j - +2 pair of boots
Stlth   ..........              i - amulet of reflection
HPRegen 1.18/turn               s - +4 ring of slaying {mikee}
MPRegen 0.09/turn               g - +6 ring of strength

@: lethally poisoned (0 -> -1), about to teleport, weakened, on berserk
cooldown, constricted
A: horns 2, retaliatory headbutt
a: Renounce Religion, Berserk, Trog's Hand, Brothers in Arms


You were on level 4 of the Snake Pit.
You worshipped Trog.
Trog was greatly pleased with you.
You visited 5 branches of the dungeon, and saw 29 of its levels.

You collected 2981 gold pieces.
You spent 2433 gold pieces at shops.


Innate Abilities, Weirdness & Mutations

You have a pair of horns on your head.
You reflexively headbutt those who attack you in melee.


   Skills:
 - Level 19.2 Fighting
 - Level 18.0 Axes
 - Level 9.0 Throwing
 - Level 18.0 Armour
 - Level 9.0 Dodging
 + Level 18.0 Shields


You had 16 spell levels left.
You didn't know any spells.
Your spell library was empty.

Inventory:

Hand Weapons
 y - a +5 antimagic broad axe (weapon)
 Y - a +3 war axe of flaming
Missiles
 u - 2 javelins (quivered)
 x - 4 boomerangs
Armour
 d - a +3 plate armour of poison resistance (worn)
 f - a scarf of resistance (worn)
 h - a +2 cloak
 j - a +2 pair of boots (worn)
 o - a +0 tower shield (worn)
 p - a +2 chain mail of fire resistance
 q - the +1 pair of gloves of the Slightly Bent (worn) {Regen+ Int+4}
   (You bought it in a shop on level 2 of the Orcish Mines)

   Int:       It affects your intelligence (+4).
   Regen:     It increases your rate of health regeneration.
Jewellery
 a - a ring of fire
 g - a +6 ring of strength (right hand)
 i - an amulet of reflection (around neck)
 s - a +4 ring of slaying (left hand) {mikee}
Wands
 b - a wand of digging (9)
Scrolls
 c - 14 scrolls of identify
 n - 5 scrolls of teleportation
Potions
 e - 2 potions of haste
 k - 6 potions of curing
 l - 3 potions of might
 m - 4 potions of heal wounds
 r - 2 potions of resistance
 v - a potion of mutation

Dungeon Overview and Level Annotations

Branches:
Dungeon (15/15)            Temple (0/1) D:7            Lair (5/5) D:9
  Swamp (3/4) Lair:3        Snake (4/4) Lair:2        Slime (0/5) Lair:4
    Orc (2/2) D:10            Elf (0/3) Orc:2        Vaults (0/5) D:14
 Depths (0/4) D:15

Altars:
Cheibriados
Elyvilon
Gozag
Hepliaklqana
Kikubaaqudgha
Okawaru
Qazlal
Sif Muna
Trog
Uskayaw
Vehumet
Xom
Zin
The Shining One
Jiyva
Lugonu

Shops:
D:1 (*   D:3 [   D:11 (   D:13 =   Orc:2 (?*[   Snake:1 !

Portals:
Abyss: Lair:5

Annotations:
D:3 1 runed translucent door, Ajytyde's ghost, amateur MiBe
D:10 2 transporters, qw's ghost, journeyman MiBe
D:13 4 runed translucent doors
Lair:4 2 runed translucent doors
Snake:4 Vashnia


Message History

The arrow hits the naga sharpshooter!
The naga sharpshooter unwields a +0 glaive.
The naga sharpshooter wields a +0 shortbow.
The naga sharpshooter gestures wildly while chanting.
The naga sharpshooter magically shoots an arrow.
The arrow hits you!
The naga sharpshooter unwields a +0 long sword.
The naga sharpshooter wields a +0 arbalest.
The naga sharpshooter gestures wildly while chanting.
The naga sharpshooter magically shoots a bolt.
You reflect the bolt off an invisible shield around you!
The naga sharpshooter unwields a +0 mace.
The naga sharpshooter wields a +0 shortbow.
The naga sharpshooter mumbles some strange words.
The naga sharpshooter magically shoots an arrow.
The arrow hits you!
Vashnia unwields a +4 scimitar of distortion.
Its appearance distorts for a moment.
Vashnia wields a +0 arbalest.
Vashnia gestures wildly while chanting.
Vashnia magically shoots a bolt.
The bolt hits you!
A black mamba comes into view.
Vashnia shoots a bolt.
The bolt barely misses you.
The naga sharpshooter shoots an arrow.
You reflect the arrow off an invisible shield around you!
The arrow hits the naga sharpshooter!!
You block the anaconda's attack. x2
The black mamba hisses angrily.
Enter note:
38216 ||| READING 6 scrolls of teleportation.
As you read the scroll of teleportation, it crumbles to dust.
You feel strangely unstable.
You feel yourself speed up.
You feel sick.
You block the anaconda's attack. x2; The anaconda grabs you.
The anaconda bites you but does no damage.
The anaconda constricts you.
The naga sharpshooter shoots an arrow.
You reflect the arrow off an invisible shield around you!
The arrow hits the naga sharpshooter!
Vashnia spits poison at you. The splash of poison hits you. You resist.
The naga sharpshooter shoots an arrow.
The arrow hits you!
You die...

###.##.#. #.#.....#
#....... #...... #.....
. ##....# ...
###.....#.....
#.....@.N.....
.....####.......SNNN....
......#.........NN......
........................
..............#.S.......
...........#####........
.........# #........
##......# .........
#.......##


You could see Vashnia (catching breath), 5 naga sharpshooters, an anaconda and a
black mamba.

Vanquished Creatures
  Jorgrun (D:12)
  Kirke (Lair:4)
  2 nagarajas
  A fenstrider witch (Swamp:1)
  Aizul (Swamp:2)
  A frost giant (D:14)
  Louise (Swamp:3)
  5 bunyips
  An eleionoma (Swamp:1)
  A dire elephant (D:15)
  A spark wasp (Swamp:3)
  Snorg (D:11)
  Josephine (Lair:3)
  A shambling mangrove (Swamp:2)
  Harold (Orc:1)
  3 salamander tyrants
  A vault guard (D:14)
  3 boulder beetles
  A catoblepas (Lair:5)
  9 hydras
  2 ghost crabs
  14 two-headed ogres
  Erica (Lair:2)
  2 ogre magi
  5 naga warriors
  3 centaur warriors
  6 death yaks (Lair:4)
  6 alligators
  9 anacondas
  7 naga sharpshooters
  4 shock serpents
  2 thrashing horrors (Lair:5)
  A spriggan berserker (Swamp:3)
  An orc high priest (Orc:2)
  2 deep elf knights
  6 tengu warriors
  Amaemon (Lair:2)
  Nergalle (D:11)
  2 salamander mystics
  6 goliath frogs
  2 sea snakes (Snake:1)
  3 spriggan druids
  3 swamp dragons
  A bog body (Swamp:3)
  3 naga ritualists
  5 mana vipers
  A deep elf zephyrmancer (D:14)
  2 necromancers (D:14)
  4 orc knights (D:14)
  A wolf spider (D:15)
  10 deep elf pyromancers
  9 salamanders
  7 orc sorcerers (Orc:2)
  13 ugly things
  An oklob plant (Lair:1)
  A manticore (D:13)
  6 cyclopes
  A will-o-the-wisp (Swamp:3)
  15 elephants
  30 black mambas
  4 smoke demons (Lair:5)
  10 naga magi
  A gargoyle (D:10)
  A guardian serpent (Snake:1)
  11 cane toads
  Maggie (Lair:1)
  An orange demon (Lair:2)
  2 rime drakes
  4 komodo dragons
  Psyche (D:11)
  5 yaktaurs (D:15)
  An ancient zyme (Lair:5)
  2 unseen horrors (D:12)
  2 efreet
  8 kobold demonologists
  3 tengu conjurers (D:14)
  8 trolls
  A bloated husk (Swamp:2)
  11 hornets
  7 tyrant leeches
  2 polar bears
  3 meliai (D:13)
  A troll (shapeshifter) (D:15)
  2 slime creatures (D:15)
  6 dream sheep (Lair:5)
  16 blink frogs
  A raiju (D:14)
  16 spriggans
  2 shadows
  6 basilisks
  6 wraiths
  2 wyverns
  4 hogs (Lair:4)
  22 humans (D:14)
  36 yaks
  4 large abominations (Lair:5)
  A human (shapeshifter) (Lair:5)
  3 steam dragons
  2 chaos spawn (Lair:5)
  9 vampire mosquitoes
  7 swamp worms
  Edmund (D:5)
  21 wargs
  2 acid dragons
  12 nagas
  6 hell hounds (D:14)
  21 water moccasins
  2 swamp drakes (Swamp:1)
  An ice beast (D:6)
  14 orc warriors
  2 sky beasts
  8 ogres
  7 black bears
  4 centaurs
  3 phantoms
  2 kobold brigands
  9 bullfrogs
  7 small abominations (Lair:5)
  A necrophage (D:6)
  A scorpion (D:9)
  3 wights (D:6)
  22 killer bees
  3 electric eels
  6 hounds
  7 jellies
  10 orc priests
  6 iguanas
  Natasha (thrice) (D:2)
  Terence (D:3)
  10 hell rats
  34 orc wizards
  6 gnolls
  5 adders
  A shadow imp (D:8)
  4 white imps
  2 ufetubi
  4 worms
  4 dart slugs
  94 orcs
  26 endoplasms
  A giant cockroach (D:2)
  11 goblins
  12 hobgoblins
  3 jackals
  7 quokkas
  8 ball pythons
  5 bats
  14 frilled lizards
  20 kobolds
  9 rats
  A bush (Lair:4)
937 creatures vanquished.

Vanquished Creatures (collateral kills)
  2 hydras
  An ogre mage (D:14)
  Sonja (Orc:1)
  2 orc sorcerers (Orc:2)
  3 yaks (Lair:1)
  A warg (Orc:2)
  An orc warrior (Orc:2)
  3 orc wizards (Orc:2)
  An orc (Orc:2)
15 creatures vanquished.

Vanquished Creatures (others)
  An eleionoma (Swamp:2)
  A goliath frog (Swamp:1)
  A bloated husk (Swamp:2)
  2 swamp worms (Swamp:2)
  14 foxfires (Swamp:3)
  66 fungi
  87 plants
172 creatures vanquished.

Grand Total: 1124 creatures vanquished

Notes
Turn   | Place    | Note
-------+----------+-------------------------------------------
     0 | D:1      | qw the Minotaur Berserker began the quest for the Orb.
     0 | D:1      | Reached XP level 1. HP: 19/19 MP: 0/0
     0 | D:1      | 0 ||| qw: Version: 0.1-a-119-g272c26d
     0 | D:1      | 0 ||| qw: Game counter: 10669
     0 | D:1      | 0 ||| qw: Always use a shield: true
     0 | D:1      | 0 ||| qw: Do Orc after D:15 true
     0 | D:1      | 0 ||| qw: Do second Lair branch before Depths: true
     0 | D:1      | 0 ||| qw: Lair rune preference: random
     0 | D:1      | 0 ||| qw: Plans: Normal
     0 | D:1      | 0 ||| PLANNING D:1-11
    53 | D:1      | 53 ||| Stepping ~*~*~tactically~*~*~ (stealth).
   156 | D:1      | Found Fenok's Weapon Emporium.
   163 | D:1      | 163 ||| BUYING +0 club (13 gold).
   163 | D:1      | Bought a +0 club for 13 gold pieces
   163 | D:1      | 163 ||| SHOPLISTING +0 whip (32 gold, have 2).
   168 | D:1      | Found Neuqok's Assorted Antiques.
   177 | D:1      | 177 ||| SHOPLISTING marble ring (100 gold, have 2).
   177 | D:1      | 177 ||| SHOPLISTING metallic inky potion (18 gold, have 2).
   177 | D:1      | 177 ||| SHOPLISTING metallic red potion (18 gold, have 2).
   177 | D:1      | 177 ||| SHOPLISTING peridot ring (100 gold, have 2).
   177 | D:1      | 177 ||| SHOPLISTING shiny plate armour (520 gold, have 2).
   177 | D:1      | 177 ||| SHOPLISTING whip (50 gold, have 2).
   307 | D:1      | Reached XP level 2. HP: 26/26 MP: 1/1
   315 | D:1      | 315 ||| Stepping ~*~*~tactically~*~*~ (stealth).
   316 | D:1      | 316 ||| Stepping ~*~*~tactically~*~*~ (stealth).
   317 | D:1      | 317 ||| Stepping ~*~*~tactically~*~*~ (stealth).
   318 | D:1      | 318 ||| Stepping ~*~*~tactically~*~*~ (stealth).
   319 | D:1      | 319 ||| Stepping ~*~*~tactically~*~*~ (stealth).
   320 | D:1      | 320 ||| Stepping ~*~*~tactically~*~*~ (stealth).
   331 | D:1      | 331 ||| Stepping ~*~*~tactically~*~*~ (stealth).
   337 | D:1      | 337 ||| Stepping ~*~*~tactically~*~*~ (stealth).
   361 | D:1      | 361 ||| Stepping ~*~*~tactically~*~*~ (stealth).
   363 | D:1      | 363 ||| Stepping ~*~*~tactically~*~*~ (stealth).
   365 | D:1      | 365 ||| Stepping ~*~*~tactically~*~*~ (stealth).
   372 | D:1      | 372 ||| Stepping ~*~*~tactically~*~*~ (stealth).
   385 | D:1      | 385 ||| Stepping ~*~*~tactically~*~*~ (stealth).
   387 | D:1      | 387 ||| Stepping ~*~*~tactically~*~*~ (stealth).
   395 | D:1      | 395 ||| Stepping ~*~*~tactically~*~*~ (stealth).
   420 | D:1      | 420 ||| Stepping ~*~*~tactically~*~*~ (stealth).
   448 | D:1      | 448 ||| Stepping ~*~*~tactically~*~*~ (stealth).
   456 | D:1      | Reached ** piety under Trog
   559 | D:1      | Found a faded altar of an unknown god.
   595 | D:1      | 595 ||| Stepping ~*~*~tactically~*~*~ (stealth).
   904 | D:1      | Reached XP level 3. HP: 30/31 MP: 2/2
  1008 | D:1      | 1008 ||| UPGRADING to +0 ring mail.
  1018 | D:1      | 1018 ||| DROPPING +0 animal skin.
  1019 | D:1      | 1019 ||| DRINKING 2 sapphire potions.
  1054 | D:2      | Found a hazy altar of Hepliaklqana.
  1064 | D:2      | Noticed Natasha
  1065 | D:2      | 1065 ||| Stepping ~*~*~tactically~*~*~ (stealth).
  1080 | D:2      | 1080 ||| INVOKING Berserk.
  1088 | D:2      | Killed Natasha
  1314 | D:2      | Reached skill level 6 in Axes
  1314 | D:2      | Reached XP level 4. HP: 39/39 MP: 3/3
  1350 | D:2      | 1350 ||| Stepping ~*~*~tactically~*~*~ (stealth).
  1351 | D:2      | 1351 ||| Stepping ~*~*~tactically~*~*~ (stealth).
  1352 | D:2      | 1352 ||| Stepping ~*~*~tactically~*~*~ (stealth).
  1371 | D:2      | 1371 ||| SWAPPING to +0 war axe.
  1376 | D:2      | 1376 ||| DROPPING +0 hand axe.
  1502 | D:2      | Noticed Natasha
  1506 | D:2      | 1506 ||| INVOKING Berserk.
  1508 | D:2      | Killed Natasha
  1758 | D:2      | Noticed Natasha
  1759 | D:2      | 1759 ||| Stepping ~*~*~tactically~*~*~ (stealth).
  1761 | D:2      | 1761 ||| Stepping ~*~*~tactically~*~*~ (hiding).
  1763 | D:2      | 1763 ||| Stepping ~*~*~tactically~*~*~ (hiding).
  1765 | D:2      | 1765 ||| INVOKING Berserk.
  1767 | D:2      | Killed Natasha
  2098 | D:2      | Reached XP level 5. HP: 45/45 MP: 4/4
  2100 | D:2      | 2100 ||| Stepping ~*~*~tactically~*~*~ (hiding).
  2501 | D:2      | 2501 ||| UPGRADING to +0 kite shield.
  2506 | D:2      | 2506 ||| READING scroll labelled KAQU ALOLEMESM.
  2507 | D:2      | 2507 ||| READING scroll labelled OHO CYSUWKISA.
  2539 | D:3      | 2539 ||| Stepping ~*~*~tactically~*~*~ (hiding).
  2653 | D:3      | 2653 ||| Stepping ~*~*~tactically~*~*~ (stealth).
  2654 | D:3      | 2654 ||| Stepping ~*~*~tactically~*~*~ (stealth).
  2655 | D:3      | 2655 ||| Stepping ~*~*~tactically~*~*~ (stealth).
  2659 | D:3      | Reached skill level 1 in Shields
  2689 | D:3      | Reached *** piety under Trog
  2691 | D:3      | Noticed Terence
  2694 | D:3      | 2694 ||| INVOKING Berserk.
  2696 | D:3      | Killed Terence
  2804 | D:3      | 2804 ||| DROPPING +0 club.
  3163 | D:3      | Found Koskuh's Armour Shop.
  3172 | D:3      | 3172 ||| BUYING +0 cloak (49 gold).
  3172 | D:3      | Bought a +0 cloak for 49 gold pieces
  3172 | D:3      | 3172 ||| BUYING +0 pair of boots (49 gold).
  3172 | D:3      | Bought a +0 pair of boots for 49 gold pieces
  3212 | D:3      | 3212 ||| Stepping ~*~*~tactically~*~*~ (stealth).
  3317 | D:3      | 3317 ||| Stepping ~*~*~tactically~*~*~ (stealth).
  3320 | D:3      | 3320 ||| Stepping ~*~*~tactically~*~*~ (hiding).
  3323 | D:3      | 3323 ||| FLEEEEING.
  3324 | D:3      | 3324 ||| FLEEEEING.
  3325 | D:3      | 3325 ||| FLEEEEING.
  3326 | D:3      | 3326 ||| FLEEEEING.
  3327 | D:3      | 3327 ||| FLEEEEING.
  3329 | D:3      | 3329 ||| FLEEEEING.
  3330 | D:3      | 3330 ||| FLEEEEING.
  3333 | D:3      | 3333 ||| FLEEEEING.
  3334 | D:3      | 3334 ||| FLEEEEING.
  3336 | D:3      | 3336 ||| FLEEEEING.
  3337 | D:3      | 3337 ||| FLEEEEING.
  3338 | D:3      | 3338 ||| FLEEEEING.
  3339 | D:3      | 3339 ||| FLEEEEING.
  3342 | D:3      | 3342 ||| FLEEEEING.
  3343 | D:3      | 3343 ||| FLEEEEING.
  3344 | D:3      | 3344 ||| FLEEEEING.
  3345 | D:3      | 3345 ||| FLEEEEING.
  3346 | D:3      | 3346 ||| FLEEEEING.
  3347 | D:3      | 3347 ||| FLEEEEING.
  3349 | D:3      | 3349 ||| FLEEEEING.
  3350 | D:3      | 3350 ||| FLEEEEING.
  3351 | D:3      | 3351 ||| FLEEEEING.
  3352 | D:3      | 3352 ||| STAIRDANCE
  3505 | D:2      | 3505 ||| UPGRADING to +0 chain mail.
  3515 | D:2      | 3515 ||| DROPPING +0 ring mail.
  3516 | D:2      | 3516 ||| UPGRADING to +0 cloak.
  3521 | D:2      | 3521 ||| UPGRADING to +0 pair of boots.
  3526 | D:2      | 3526 ||| READING 2 scrolls of identify.
  3526 | D:2      | 3526 ||| IDENTIFYING golden potion
  3527 | D:2      | 3527 ||| DROPPING potion of lignification.
  3530 | D:3      | 3530 ||| STAIRDANCE
  3536 | D:3      | 3536 ||| STAIRDANCE
  3541 | D:3      | 3541 ||| INVOKING Berserk.
  3545 | D:3      | Reached skill level 3 in Shields
  3545 | D:3      | 3545 ||| STAIRDANCE
  3744 | D:3      | Found a runed translucent door.
  3745 | D:3      | Noticed Ajytyde's ghost (amateur MiBe)
  3785 | D:3      | 3785 ||| Stepping ~*~*~tactically~*~*~ (stealth).
  3790 | D:3      | Found an ancient bone altar of Kikubaaqudgha.
  3793 | D:3      | Found a stormy altar of Qazlal.
  4010 | D:4      | 4010 ||| Stepping ~*~*~tactically~*~*~ (hiding).
  4030 | D:4      | 4030 ||| Stepping ~*~*~tactically~*~*~ (stealth).
  4054 | D:4      | 4054 ||| Stepping ~*~*~tactically~*~*~ (stealth).
  4081 | D:4      | Reached XP level 6. HP: 45/52 MP: 5/5
  4102 | D:4      | 4102 ||| FLEEEEING.
  4103 | D:4      | 4103 ||| FLEEEEING.
  4104 | D:4      | 4104 ||| FLEEEEING.
  4105 | D:4      | 4105 ||| FLEEEEING.
  4106 | D:4      | 4106 ||| FLEEEEING.
  4107 | D:4      | 4107 ||| STAIRDANCE
  4213 | D:3      | 4213 ||| READING scroll labelled JAD EZUEPHAIC.
  4442 | D:4      | Found a glowing silver altar of Zin.
  4565 | D:4      | 4565 ||| Stepping ~*~*~tactically~*~*~ (stealth).
  4616 | D:4      | 4616 ||| INVOKING Berserk.
  4621 | D:4      | Reached skill level 4 in Fighting
  4647 | D:4      | 4647 ||| FLEEEEING.
  4648 | D:4      | 4648 ||| FLEEEEING.
  4651 | D:4      | 4651 ||| FLEEEEING.
  4652 | D:4      | 4652 ||| FLEEEEING.
  4655 | D:4      | 4655 ||| FLEEEEING.
  4750 | D:4      | 4750 ||| Stepping ~*~*~tactically~*~*~ (hiding).
  4751 | D:4      | 4751 ||| Stepping ~*~*~tactically~*~*~ (hiding).
  5024 | D:4      | 5024 ||| INVOKING Berserk.
  5031 | D:4      | Reached XP level 7. HP: 51/60 MP: 6/6
  5308 | D:4      | 5308 ||| Stepping ~*~*~tactically~*~*~ (hiding).
  5373 | D:4      | 5373 ||| Stepping ~*~*~tactically~*~*~ (stealth).
  5430 | D:4      | 5430 ||| INVOKING Berserk.
  5544 | D:4      | 5544 ||| Stepping ~*~*~tactically~*~*~ (hiding).
  5723 | D:4      | 5723 ||| DROPPING scarf of harm.
  5724 | D:4      | 5724 ||| UPGRADING to amulet of the acrobat.
  5729 | D:4      | 5729 ||| UPGRADING to ring of positive energy.
  5730 | D:4      | 5730 ||| READING scroll labelled LOZXIC RERU.
  5731 | D:4      | 5731 ||| READING scroll labelled YKHOOB REHURUNK.
  5732 | D:4      | 5732 ||| READING scroll labelled IVO GOICVEAS.
  5733 | D:4      | 5733 ||| DRINKING 2 emerald potions.
  5734 | D:4      | 5734 ||| DRINKING 2 metallic pink potions.
  5735 | D:4      | 5735 ||| READING 2 scrolls of identify.
  5735 | D:4      | 5735 ||| IDENTIFYING fuming amethyst potion
  5736 | D:4      | 5736 ||| DROPPING potion of magic.
  5737 | D:4      | 5737 ||| Stepping randomly (stuck).
  5738 | D:4      | 5738 ||| Stepping ~*~*~tactically~*~*~ (cloud).
  5854 | D:5      | Entered Level 5 of the Dungeon
  5897 | D:5      | Reached **** piety under Trog
  5912 | D:5      | 5912 ||| INVOKING Berserk.
  5915 | D:5      | Reached skill level 3 in Armour
  6000 | D:5      | 6000 ||| INVOKING Berserk.
  6002 | D:5      | Reached skill level 6 in Shields
  6035 | D:5      | 6035 ||| Stepping ~*~*~tactically~*~*~ (stealth).
  6043 | D:5      | 6043 ||| Stepping ~*~*~tactically~*~*~ (stealth).
  6044 | D:5      | 6044 ||| Stepping ~*~*~tactically~*~*~ (stealth).
  6092 | D:5      | You fall into a shaft and drop 3 floors!
  6223 | D:8      | 6223 ||| DRINKING 2 lumpy ruby potions.
  6224 | D:8      | 6224 ||| DROPPING potion of invisibility.
  6241 | D:7      | 6241 ||| Stepping ~*~*~tactically~*~*~ (stealth).
  6242 | D:7      | 6242 ||| Stepping ~*~*~tactically~*~*~ (stealth).
  6255 | D:7      | Reached skill level 9 in Axes
  6255 | D:7      | Reached XP level 8. HP: 44/67 MP: 7/7
  6388 | D:7      | 6388 ||| INVOKING Berserk.
  6391 | D:7      | Reached skill level 5 in Fighting
  6567 | D:7      | Noticed a troll
  6571 | D:7      | 6571 ||| INVOKING Berserk.
  6573 | D:7      | Reached skill level 1 in Throwing
  6576 | D:7      | HP: 22/102 [troll (11)]
  6577 | D:7      | Killed a troll
  6854 | D:7      | Found a shimmering altar of Xom.
  6864 | D:7      | Identified the +0 robe of Deupac {Harm Int-2 Dex+4}
  7079 | D:7      | 7079 ||| READING scroll labelled UDWYOR QIAPP.
  7101 | D:7      | Found a staircase to the Ecumenical Temple.
  7191 | D:7      | 7191 ||| INVOKING Berserk.
  7317 | D:7      | 7317 ||| Stepping ~*~*~tactically~*~*~ (stealth).
  7319 | D:7      | 7319 ||| Stepping ~*~*~tactically~*~*~ (hiding).
  7320 | D:7      | 7320 ||| Stepping ~*~*~tactically~*~*~ (hiding).
  7476 | D:6      | 7476 ||| Stepping ~*~*~tactically~*~*~ (stealth).
  7478 | D:6      | 7478 ||| Stepping ~*~*~tactically~*~*~ (stealth).
  7479 | D:6      | 7479 ||| INVOKING Berserk.
  7482 | D:6      | Reached XP level 9. HP: 75/75 MP: 8/8
  7485 | D:6      | Reached skill level 6 in Fighting
  7617 | D:6      | 7617 ||| Stepping ~*~*~tactically~*~*~ (hiding).
  7841 | D:6      | 7841 ||| INVOKING Berserk.
  7999 | D:6      | 7999 ||| Stepping ~*~*~tactically~*~*~ (stealth).
  8002 | D:6      | 8002 ||| Stepping ~*~*~tactically~*~*~ (stealth).
  8155 | D:6      | 8155 ||| READING 2 scrolls of identify.
  8155 | D:6      | 8155 ||| IDENTIFYING sedimented cyan potion
  8156 | D:6      | 8156 ||| DROPPING potion of ambrosia.
  8312 | D:5      | Noticed Edmund
  8313 | D:5      | 8313 ||| INVOKING Berserk.
  8316 | D:5      | Killed Edmund
  8451 | D:5      | 8451 ||| Stepping ~*~*~tactically~*~*~ (stealth).
  8454 | D:5      | 8454 ||| Stepping ~*~*~tactically~*~*~ (stealth).
  8716 | D:5      | 8716 ||| READING scroll labelled COEWOA HANETRI.
  8717 | D:5      | 8717 ||| READING 2 scrolls of identify.
  8717 | D:5      | 8717 ||| IDENTIFYING metallic red potion
  8718 | D:5      | 8718 ||| DROPPING potion of attraction.
  8808 | D:6      | 8808 ||| Stepping ~*~*~tactically~*~*~ (stealth).
  8809 | D:6      | 8809 ||| Stepping ~*~*~tactically~*~*~ (stealth).
  8811 | D:6      | 8811 ||| INVOKING Berserk.
  9130 | D:6      | 9130 ||| UPGRADING to +0 plate armour.
  9140 | D:6      | 9140 ||| DROPPING +0 chain mail.
  9141 | D:6      | 9141 ||| READING scroll labelled XAUTASHETZ.
  9616 | D:7      | Reached skill level 12 in Axes
  9662 | D:7      | Found a snail-covered altar of Cheibriados.
  9667 | D:7      | 9667 ||| READING scroll labelled RUIGGASETU.
  9668 | D:7      | 9668 ||| READING scroll labelled JULIRR YPAVIHE.
  9669 | D:7      | 9669 ||| DRINKING 2 green potions.
  9670 | D:7      | 9670 ||| DROPPING potion of brilliance.
  9787 | D:8      | 9787 ||| INVOKING Berserk.
  9948 | D:8      | 9948 ||| Stepping ~*~*~tactically~*~*~ (stealth).
  9950 | D:8      | 9950 ||| Stepping ~*~*~tactically~*~*~ (stealth).
  9953 | D:8      | 9953 ||| Stepping ~*~*~tactically~*~*~ (hiding).
  9958 | D:8      | 9958 ||| INVOKING Berserk.
  9963 | D:8      | Reached skill level 6 in Armour
  9986 | D:8      | Reached skill level 7 in Fighting
 10280 | D:8      | 10280 ||| Stepping ~*~*~tactically~*~*~ (stealth).
 10282 | D:8      | 10282 ||| Stepping ~*~*~tactically~*~*~ (stealth).
 10304 | D:8      | 10304 ||| INVOKING Berserk.
 10315 | D:8      | HP: 18/79 [poisoned by a killer bee]
 10580 | D:8      | 10580 ||| Stepping ~*~*~tactically~*~*~ (stealth).
 10603 | D:8      | 10603 ||| INVOKING Berserk.
 10605 | D:8      | Reached skill level 9 in Shields
 10605 | D:8      | Reached XP level 10. HP: 59/86 MP: 9/9
 11095 | D:8      | Noticed a two-headed ogre
 11097 | D:8      | 11097 ||| INVOKING Berserk.
 11101 | D:8      | Killed a two-headed ogre
 11313 | D:8      | 11313 ||| UPGRADING to +2 plate armour of poison
                  | resistance.
 11323 | D:8      | 11323 ||| DROPPING +0 plate armour.
 11324 | D:8      | 11324 ||| UPGRADING to +6 ring of strength.
 11363 | D:9      | Noticed an orange demon
 11364 | D:9      | Reached skill level 8 in Fighting
 11365 | D:9      | 11365 ||| INVOKING Berserk.
 11385 | D:9      | 11385 ||| FLEEEEING.
 11386 | D:9      | 11386 ||| STAIRDANCE
 11631 | D:9      | Noticed a deep elf pyromancer
 11644 | D:9      | Killed a deep elf pyromancer
 11736 | D:9      | 11736 ||| INVOKING Berserk.
 11760 | D:9      | Found a staircase to the Lair.
 11767 | D:9      | Reached skill level 3 in Dodging
 11775 | D:9      | 11775 ||| INVOKING Berserk.
 11922 | D:9      | 11922 ||| Stepping ~*~*~tactically~*~*~ (stealth).
 11923 | D:9      | 11923 ||| Stepping ~*~*~tactically~*~*~ (stealth).
 11981 | D:9      | 11981 ||| Stepping ~*~*~tactically~*~*~ (stealth).
 12016 | D:9      | Found a glowing golden altar of the Shining One.
 12070 | D:9      | Found an iron altar of Okawaru.
 12130 | D:9      | Found a radiant altar of Vehumet.
 12288 | D:9      | 12288 ||| PLANNING LAIR
 12288 | D:9      | 12288 ||| READING scroll labelled ZUTWYP GEIGA.
 12289 | D:9      | 12289 ||| READING 2 scrolls of identify.
 12289 | D:9      | 12289 ||| IDENTIFYING pink potion
 12290 | D:9      | 12290 ||| DROPPING potion of berserk rage.
 12302 | Lair:1   | Entered Level 1 of the Lair of Beasts
 12303 | Lair:1   | Noticed an elephant
 12312 | Lair:1   | Killed an elephant
 12313 | Lair:1   | Reached XP level 11. HP: 90/94 MP: 10/10
 12472 | Lair:1   | 12472 ||| Stepping ~*~*~tactically~*~*~ (hiding).
 12505 | Lair:1   | 12505 ||| INVOKING Berserk.
 12631 | Lair:1   | 12631 ||| INVOKING Berserk.
 12636 | Lair:1   | Reached skill level 15 in Axes
 12642 | Lair:1   | Noticed Maggie
 12643 | Lair:1   | Noticed a four-headed hydra
 12644 | Lair:1   | 12644 ||| INVOKING Brothers in Arms.
 12647 | Lair:1   | 12647 ||| SWAPPING to +1 vorpal flail.
 12649 | Lair:1   | Reached skill level 9 in Fighting
 12650 | Lair:1   | 12650 ||| INVOKING Brothers in Arms.
 12652 | Lair:1   | HP: 23/97 [four-headed hydra (8)]
 12653 | Lair:1   | 12653 ||| DRINKING 2 potions of heal wounds.
 12653 | Lair:1   | Killed a four-headed hydra
 12654 | Lair:1   | 12654 ||| SWAPPING to +1 war axe.
 12657 | Lair:1   | 12657 ||| DRINKING potion of heal wounds.
 12658 | Lair:1   | Killed Maggie
 12771 | Lair:1   | 12771 ||| Stepping ~*~*~tactically~*~*~ (stealth).
 12772 | Lair:1   | 12772 ||| Stepping ~*~*~tactically~*~*~ (stealth).
 12844 | Lair:1   | 12844 ||| SWAPPING to +0 war axe of flaming.
 12845 | Lair:1   | 12845 ||| DROPPING +1 vorpal flail.
 12846 | Lair:1   | 12846 ||| DROPPING +1 war axe.
 12964 | Lair:1   | 12964 ||| Stepping ~*~*~tactically~*~*~ (stealth).
 12966 | Lair:1   | 12966 ||| Stepping ~*~*~tactically~*~*~ (stealth).
 13003 | Lair:1   | 13003 ||| INVOKING Berserk.
 13022 | Lair:1   | 13022 ||| Stepping ~*~*~tactically~*~*~ (stealth).
 13023 | Lair:1   | 13023 ||| Stepping ~*~*~tactically~*~*~ (stealth).
 13024 | Lair:1   | 13024 ||| Stepping ~*~*~tactically~*~*~ (stealth).
 13025 | Lair:1   | 13025 ||| Stepping ~*~*~tactically~*~*~ (stealth).
 13173 | Lair:1   | Noticed an oklob plant
 13178 | Lair:1   | 13178 ||| INVOKING Berserk.
 13181 | Lair:1   | Killed an oklob plant
 13361 | Lair:1   | 13361 ||| Stepping ~*~*~tactically~*~*~ (stealth).
 13448 | Lair:1   | 13448 ||| Stepping ~*~*~tactically~*~*~ (stealth).
 13578 | Lair:1   | 13578 ||| INVOKING Berserk.
 13782 | Lair:1   | 13782 ||| INVOKING Berserk.
 13922 | Lair:1   | 13922 ||| READING scroll labelled VELURCHY NOVU.
 13947 | Lair:2   | 13947 ||| INVOKING Berserk.
 14153 | Lair:2   | Noticed Amaemon
 14158 | Lair:2   | 14158 ||| INVOKING Berserk.
 14165 | Lair:2   | Killed Amaemon
 14171 | Lair:2   | Reached skill level 10 in Fighting
 14300 | Lair:2   | Noticed Erica
 14301 | Lair:2   | 14301 ||| DRINKING 4 potions of curing.
 14301 | Lair:2   | 14301 ||| (to cure confusion)
 14302 | Lair:2   | 14302 ||| Stepping ~*~*~tactically~*~*~ (hiding).
 14306 | Lair:2   | 14306 ||| INVOKING Berserk.
 14311 | Lair:2   | Killed Erica
 14426 | Lair:2   | 14426 ||| INVOKING Berserk.
 14547 | Lair:2   | 14547 ||| INVOKING Berserk.
 14551 | Lair:2   | Reached skill level 9 in Armour
 14688 | Lair:2   | 14688 ||| INVOKING Berserk.
 14690 | Lair:2   | Reached XP level 12. HP: 106/106 MP: 11/11
 14845 | Lair:2   | Found a staircase to the Snake Pit.
 14846 | Lair:2   | 14846 ||| Stepping ~*~*~tactically~*~*~ (hiding).
 15306 | Lair:2   | 15306 ||| Stepping ~*~*~tactically~*~*~ (hiding).
 15469 | Lair:2   | 15469 ||| READING 2 scrolls labelled PAEFASUZECK.
 15470 | Lair:2   | 15470 ||| READING scroll of enchant armour.
 15470 | Lair:2   | 15470 ||| ENCHANTING +0 pair of boots.
 15471 | Lair:2   | 15471 ||| READING 3 scrolls of identify.
 15471 | Lair:2   | 15471 ||| IDENTIFYING metallic golden potion
 15472 | Lair:2   | 15472 ||| DROPPING potion of degeneration.
 15503 | Lair:3   | Noticed Josephine
 15515 | Lair:3   | Killed Josephine
 15516 | Lair:3   | 15516 ||| INVOKING Berserk.
 15517 | Lair:3   | Reached skill level 11 in Fighting
 15733 | Lair:3   | 15733 ||| READING scroll of enchant armour.
 15733 | Lair:3   | 15733 ||| ENCHANTING +1 pair of boots.
 15750 | Lair:3   | Found a staircase to the Swamp.
 15779 | Lair:3   | 15779 ||| INVOKING Berserk.
 15781 | Lair:3   | Reached skill level 12 in Shields
 15989 | Lair:3   | 15989 ||| INVOKING Berserk.
 16295 | Lair:3   | Noticed a six-headed hydra
 16300 | Lair:3   | 16300 ||| INVOKING Berserk.
 16301 | Lair:3   | Noticed a five-headed hydra
 16303 | Lair:3   | Killed a three-headed hydra
 16309 | Lair:3   | Killed a two-headed hydra
 16507 | Lair:3   | 16507 ||| INVOKING Berserk.
 16738 | Lair:3   | 16738 ||| INVOKING Berserk.
 16745 | Lair:3   | Reached skill level 12 in Fighting
 17111 | Lair:4   | 17111 ||| STAIRDANCE
 17117 | Lair:4   | 17117 ||| STAIRDANCE
 17124 | Lair:4   | 17124 ||| STAIRDANCE
 17134 | Lair:4   | 17134 ||| STAIRDANCE
 17144 | Lair:4   | 17144 ||| Stepping ~*~*~tactically~*~*~ (stealth).
 17153 | Lair:4   | Noticed a death yak
 17153 | Lair:4   | Noticed a death yak
 17153 | Lair:4   | Noticed a death yak
 17156 | Lair:4   | Noticed a death yak
 17157 | Lair:4   | 17157 ||| INVOKING Berserk.
 17157 | Lair:4   | Noticed a death yak
 17157 | Lair:4   | Noticed a death yak
 17164 | Lair:4   | Killed a death yak
 17166 | Lair:4   | Killed a death yak
 17172 | Lair:4   | Killed a death yak
 17174 | Lair:4   | Killed a death yak
 17180 | Lair:4   | Killed a death yak
 17187 | Lair:4   | Killed a death yak
 17199 | Lair:4   | 17199 ||| Stepping ~*~*~tactically~*~*~ (stealth).
 17390 | Lair:4   | 17390 ||| Stepping ~*~*~tactically~*~*~ (stealth).
 17394 | Lair:4   | 17394 ||| Stepping ~*~*~tactically~*~*~ (stealth).
 17419 | Lair:4   | Noticed Kirke
 17420 | Lair:4   | 17420 ||| INVOKING Trog's Hand.
 17426 | Lair:4   | 17426 ||| INVOKING Berserk.
 17433 | Lair:4   | Killed Kirke
 17434 | Lair:4   | Reached XP level 13. HP: 119/119 MP: 12/12
 17610 | Lair:4   | 17610 ||| Stepping ~*~*~tactically~*~*~ (hiding).
 17611 | Lair:4   | 17611 ||| Stepping ~*~*~tactically~*~*~ (hiding).
 17655 | Lair:4   | 17655 ||| INVOKING Berserk.
 17808 | Lair:4   | Found a runed translucent door.
 17808 | Lair:4   | Found a viscous altar of Jiyva.
 17821 | Lair:4   | Found a staircase to the Slime Pits.
 17938 | Lair:4   | Reached skill level 13 in Fighting
 17952 | Lair:4   | 17952 ||| Stepping ~*~*~tactically~*~*~ (stealth).
 17954 | Lair:4   | 17954 ||| Stepping ~*~*~tactically~*~*~ (stealth).
 17955 | Lair:4   | 17955 ||| Stepping ~*~*~tactically~*~*~ (stealth).
 18221 | Lair:4   | 18221 ||| READING scroll of enchant weapon.
 18221 | Lair:4   | 18221 ||| ENCHANTING +0 war axe of flaming.
 18302 | Lair:4   | Reached skill level 12 in Armour
 18411 | Lair:4   | 18411 ||| Stepping ~*~*~tactically~*~*~ (stealth).
 18417 | Lair:4   | 18417 ||| INVOKING Berserk.
 18951 | Lair:4   | Found a runed translucent door.
 19017 | Lair:4   | 19017 ||| DROPPING ring of magical power.
 19018 | Lair:4   | 19018 ||| READING 4 scrolls of identify.
 19018 | Lair:4   | 19018 ||| IDENTIFYING metallic inky potion
 19056 | Lair:5   | Entered Level 5 of the Lair of Beasts
 19064 | Lair:5   | 19064 ||| INVOKING Berserk.
 19069 | Lair:5   | Reached skill level 14 in Fighting
 19343 | Lair:5   | 19343 ||| INVOKING Berserk.
 19365 | Lair:5   | Reached skill level 6 in Dodging
 19655 | Lair:5   | 19655 ||| INVOKING Berserk.
 19871 | Lair:5   | 19871 ||| INVOKING Berserk.
 19932 | Lair:5   | 19932 ||| INVOKING Berserk.
 20073 | Lair:5   | 20073 ||| INVOKING Berserk.
 20083 | Lair:5   | 20083 ||| Stepping ~*~*~tactically~*~*~ (cloud).
 20088 | Lair:5   | 20088 ||| Stepping ~*~*~tactically~*~*~ (cloud).
 20089 | Lair:5   | 20089 ||| Stepping ~*~*~tactically~*~*~ (cloud).
 20092 | Lair:5   | 20092 ||| Stepping ~*~*~tactically~*~*~ (cloud).
 20105 | Lair:5   | 20105 ||| Stepping ~*~*~tactically~*~*~ (cloud).
 20107 | Lair:5   | 20107 ||| Stepping ~*~*~tactically~*~*~ (cloud).
 20110 | Lair:5   | 20110 ||| Stepping ~*~*~tactically~*~*~ (cloud).
 20157 | Lair:5   | 20157 ||| INVOKING Berserk.
 20207 | Lair:5   | 20207 ||| INVOKING Berserk.
 20210 | Lair:5   | Reached skill level 15 in Fighting
 20263 | Lair:5   | 20263 ||| FLEEEEING.
 20264 | Lair:5   | 20264 ||| FLEEEEING.
 20351 | Lair:5   | 20351 ||| INVOKING Berserk.
 20422 | Lair:5   | 20422 ||| FLEEEEING.
 20423 | Lair:5   | 20423 ||| FLEEEEING.
 20424 | Lair:5   | 20424 ||| FLEEEEING.
 20425 | Lair:5   | 20425 ||| FLEEEEING.
 20426 | Lair:5   | 20426 ||| FLEEEEING.
 20427 | Lair:5   | 20427 ||| FLEEEEING.
 20428 | Lair:5   | 20428 ||| FLEEEEING.
 20430 | Lair:5   | 20430 ||| FLEEEEING.
 20431 | Lair:5   | 20431 ||| FLEEEEING.
 20432 | Lair:5   | 20432 ||| FLEEEEING.
 20433 | Lair:5   | 20433 ||| FLEEEEING.
 20434 | Lair:5   | 20434 ||| FLEEEEING.
 20435 | Lair:5   | 20435 ||| FLEEEEING.
 20474 | Lair:5   | 20474 ||| Stepping ~*~*~tactically~*~*~ (stealth).
 20475 | Lair:5   | 20475 ||| Stepping ~*~*~tactically~*~*~ (stealth).
 20478 | Lair:5   | 20478 ||| INVOKING Berserk.
 20622 | Lair:5   | 20622 ||| Stepping ~*~*~tactically~*~*~ (hiding).
 20632 | Lair:5   | 20632 ||| DRINKING 4 potions of curing.
 20632 | Lair:5   | 20632 ||| (to cure confusion)
 20642 | Lair:5   | Reached XP level 14. HP: 128/135 MP: 13/13
 20665 | Lair:5   | 20665 ||| Stepping ~*~*~tactically~*~*~ (stealth).
 20677 | Lair:5   | 20677 ||| Stepping ~*~*~tactically~*~*~ (stealth).
 20679 | Lair:5   | 20679 ||| Stepping ~*~*~tactically~*~*~ (stealth).
 20681 | Lair:5   | 20681 ||| Stepping ~*~*~tactically~*~*~ (stealth).
 20687 | Lair:5   | 20687 ||| Stepping ~*~*~tactically~*~*~ (stealth).
 20770 | Lair:5   | 20770 ||| FLEEEEING.
 20771 | Lair:5   | 20771 ||| FLEEEEING.
 20772 | Lair:5   | 20772 ||| FLEEEEING.
 20776 | Lair:5   | 20776 ||| FLEEEEING.
 21145 | Lair:5   | 21145 ||| READING 2 scrolls of enchant weapon.
 21145 | Lair:5   | 21145 ||| ENCHANTING +1 war axe of flaming.
 21146 | Lair:5   | 21146 ||| READING scroll of enchant weapon.
 21146 | Lair:5   | 21146 ||| ENCHANTING +2 war axe of flaming.
 21457 | Lair:5   | Found a corrupted altar of Lugonu.
 21457 | Lair:5   | Found a one-way gate to the infinite horrors of the Abyss.
 21470 | Lair:5   | 21470 ||| PLANNING D:1-11
 21470 | Lair:5   | 21470 ||| UPGRADING to +0 pair of gloves.
 21634 | D:10     | Entered Level 10 of the Dungeon
 21649 | D:10     | Noticed qw's ghost (journeyman MiBe)
 21702 | D:10     | Found a staircase to the Orcish Mines.
 21767 | D:10     | 21767 ||| Stepping ~*~*~tactically~*~*~ (hiding).
 21890 | D:10     | 21890 ||| FLEEEEING.
 21891 | D:10     | 21891 ||| FLEEEEING.
 21892 | D:10     | 21892 ||| FLEEEEING.
 21893 | D:10     | 21893 ||| FLEEEEING.
 21894 | D:10     | 21894 ||| FLEEEEING.
 21895 | D:10     | 21895 ||| FLEEEEING.
 21896 | D:10     | 21896 ||| FLEEEEING.
 21897 | D:10     | 21897 ||| FLEEEEING.
 21898 | D:10     | 21898 ||| FLEEEEING.
 21899 | D:10     | 21899 ||| FLEEEEING.
 21900 | D:10     | 21900 ||| FLEEEEING.
 21901 | D:10     | 21901 ||| FLEEEEING.
 21902 | D:10     | 21902 ||| FLEEEEING.
 21903 | D:10     | 21903 ||| FLEEEEING.
 21904 | D:10     | 21904 ||| FLEEEEING.
 21905 | D:10     | 21905 ||| FLEEEEING.
 21906 | D:10     | 21906 ||| FLEEEEING.
 21907 | D:10     | 21907 ||| FLEEEEING.
 21908 | D:10     | 21908 ||| FLEEEEING.
 21909 | D:10     | 21909 ||| FLEEEEING.
 21910 | D:10     | 21910 ||| FLEEEEING.
 21911 | D:10     | 21911 ||| FLEEEEING.
 21912 | D:10     | 21912 ||| FLEEEEING.
 21913 | D:10     | 21913 ||| FLEEEEING.
 22030 | D:10     | Found a shimmering blue altar of Sif Muna.
 22063 | D:10     | 22063 ||| Stepping ~*~*~tactically~*~*~ (hiding).
 22125 | D:10     | Reached ***** piety under Trog
 22391 | D:10     | Found a white marble altar of Elyvilon.
 22463 | D:10     | Found a transporter.
 22468 | D:10     | Found a transporter.
 22576 | D:10     | Found a bloodstained altar of Trog.
 22751 | D:10     | 22751 ||| READING 5 scrolls of identify.
 22751 | D:10     | 22751 ||| IDENTIFYING yellow potion
 22853 | D:11     | Noticed Nergalle
 22854 | D:11     | 22854 ||| Stepping ~*~*~tactically~*~*~ (hiding).
 22864 | D:11     | Killed Nergalle
 22928 | D:11     | 22928 ||| Stepping ~*~*~tactically~*~*~ (hiding).
 23052 | D:11     | 23052 ||| Stepping ~*~*~tactically~*~*~ (stealth).
 23054 | D:11     | 23054 ||| Stepping ~*~*~tactically~*~*~ (stealth).
 23096 | D:11     | Found Futuygh's Weapon Emporium.
 23115 | D:11     | Noticed Snorg
 23116 | D:11     | 23116 ||| INVOKING Brothers in Arms.
 23117 | D:11     | 23117 ||| INVOKING Brothers in Arms.
 23119 | D:11     | 23119 ||| INVOKING Berserk.
 23124 | D:11     | Killed Snorg
 23125 | D:11     | Reached skill level 15 in Shields
 23467 | D:11     | 23467 ||| READING scroll of enchant armour.
 23467 | D:11     | 23467 ||| ENCHANTING +0 pair of gloves.
 23553 | D:11     | 23553 ||| Stepping ~*~*~tactically~*~*~ (stealth).
 23650 | D:11     | Noticed Psyche
 23661 | D:11     | Killed Psyche
 23743 | D:11     | 23743 ||| Stepping ~*~*~tactically~*~*~ (hiding).
 23876 | D:11     | 23876 ||| PLANNING D
 24112 | D:12     | 24112 ||| Stepping randomly (disturbance).
 24113 | D:12     | 24113 ||| Stepping randomly (disturbance).
 24154 | D:12     | Noticed Jorgrun
 24155 | D:12     | 24155 ||| INVOKING Brothers in Arms.
 24157 | D:12     | 24157 ||| INVOKING Berserk.
 24164 | D:12     | Killed Jorgrun
 24165 | D:12     | Reached skill level 16 in Fighting
 24370 | D:12     | 24370 ||| Stepping ~*~*~tactically~*~*~ (stealth).
 24371 | D:12     | 24371 ||| Stepping ~*~*~tactically~*~*~ (stealth).
 24372 | D:12     | 24372 ||| Stepping ~*~*~tactically~*~*~ (stealth).
 24507 | D:12     | 24507 ||| READING 4 scrolls of identify.
 24507 | D:12     | 24507 ||| IDENTIFYING black potion
 24508 | D:12     | 24508 ||| DROPPING potion of flight.
 24656 | D:13     | Found a runed translucent door.
 24664 | D:13     | 24664 ||| Stepping ~*~*~tactically~*~*~ (stealth).
 24675 | D:13     | Found a runed translucent door.
 24691 | D:13     | Found a runed translucent door.
 24704 | D:13     | Found a runed translucent door.
 24752 | D:13     | 24752 ||| INVOKING Berserk.
 24974 | D:13     | 24974 ||| Stepping ~*~*~tactically~*~*~ (hiding).
 25041 | D:13     | 25041 ||| Stepping ~*~*~tactically~*~*~ (hiding).
 25398 | D:13     | 25398 ||| INVOKING Berserk.
 25435 | D:13     | Reached skill level 15 in Armour
 25572 | D:13     | Found Evioh's Jewellery Emporium.
 25582 | D:13     | 25582 ||| BUYING +4 ring of slaying (858 gold).
 25582 | D:13     | Bought a +4 ring of slaying for 858 gold pieces
 25582 | D:13     | 25582 ||| SHOPLISTING amulet of reflection (330 gold, have
                  | 257).
 25582 | D:13     | 25582 ||| SHOPLISTING ring of fire (275 gold, have 257).
 26078 | D:13     | 26078 ||| DROPPING ring of ice.
 26079 | D:13     | 26079 ||| UPGRADING to +4 ring of slaying {mikee}.
 26081 | D:13     | 26081 ||| DROPPING ring of positive energy.
 26277 | D:14     | 26277 ||| Stepping ~*~*~tactically~*~*~ (stealth).
 26297 | D:14     | 26297 ||| Stepping ~*~*~tactically~*~*~ (hiding).
 26299 | D:14     | 26299 ||| Stepping ~*~*~tactically~*~*~ (hiding).
 26301 | D:14     | 26301 ||| Stepping ~*~*~tactically~*~*~ (hiding).
 26435 | D:14     | 26435 ||| Stepping ~*~*~tactically~*~*~ (stealth).
 26540 | D:14     | Identified the +9 mace of the Mashing Moth {vamp, rF+}
 26571 | D:14     | Reached skill level 3 in Throwing
 26583 | D:14     | 26583 ||| INVOKING Berserk.
 26711 | D:14     | 26711 ||| INVOKING Brothers in Arms.
 26712 | D:14     | 26712 ||| INVOKING Berserk.
 26725 | D:14     | 26725 ||| INVOKING Trog's Hand.
 26735 | D:14     | Reached XP level 15. HP: 132/145 MP: 14/14
 26866 | D:14     | 26866 ||| FLEEEEING.
 26867 | D:14     | 26867 ||| FLEEEEING.
 26869 | D:14     | 26869 ||| FLEEEEING.
 26870 | D:14     | 26870 ||| FLEEEEING.
 26871 | D:14     | 26871 ||| FLEEEEING.
 26982 | D:14     | 26982 ||| Stepping ~*~*~tactically~*~*~ (hiding).
 26984 | D:14     | Received a gift from Trog
 26988 | D:14     | Reached skill level 6 in Throwing
 26989 | D:14     | Noticed a frost giant
 26990 | D:14     | 26990 ||| INVOKING Trog's Hand.
 26991 | D:14     | 26991 ||| INVOKING Brothers in Arms.
 26992 | D:14     | 26992 ||| INVOKING Berserk.
 27006 | D:14     | Killed a frost giant
 27010 | D:14     | 27010 ||| INVOKING Brothers in Arms.
 27198 | D:14     | Identified the +9 shortbow of the Volcano {vorpal, rElec
                  | rPois rC- Dex+2}
 27210 | D:14     | 27210 ||| INVOKING Berserk.
 27221 | D:14     | 27221 ||| FLEEEEING.
 27230 | D:14     | Reached skill level 17 in Fighting
 27365 | D:14     | 27365 ||| INVOKING Brothers in Arms.
 27366 | D:14     | 27366 ||| INVOKING Berserk.
 27586 | D:14     | 27586 ||| Stepping ~*~*~tactically~*~*~ (stealth).
 27588 | D:14     | 27588 ||| Stepping ~*~*~tactically~*~*~ (hiding).
 27590 | D:14     | 27590 ||| Stepping ~*~*~tactically~*~*~ (stealth).
 27591 | D:14     | 27591 ||| Stepping ~*~*~tactically~*~*~ (hiding).
 27592 | D:14     | 27592 ||| FLEEEEING.
 27608 | D:14     | 27608 ||| FLEEEEING.
 27612 | D:14     | 27612 ||| FLEEEEING.
 27692 | D:14     | 27692 ||| Stepping ~*~*~tactically~*~*~ (stealth).
 27723 | D:14     | 27723 ||| Stepping ~*~*~tactically~*~*~ (stealth).
 27780 | D:14     | Found a gate to the Vaults.
 27837 | D:14     | 27837 ||| Stepping ~*~*~tactically~*~*~ (hiding).
 27866 | D:14     | 27866 ||| Stepping ~*~*~tactically~*~*~ (stealth).
 27867 | D:14     | 27867 ||| Stepping ~*~*~tactically~*~*~ (stealth).
 27869 | D:14     | 27869 ||| Stepping ~*~*~tactically~*~*~ (stealth).
 27873 | D:14     | 27873 ||| Stepping ~*~*~tactically~*~*~ (stealth).
 28072 | D:14     | 28072 ||| Stepping ~*~*~tactically~*~*~ (stealth).
 28371 | D:14     | 28371 ||| UPGRADING to +2 kite shield of protection.
 28381 | D:14     | 28381 ||| DROPPING +0 kite shield.
 28382 | D:14     | 28382 ||| DROPPING +1 plate armour of poison resistance.
 28383 | D:14     | 28383 ||| READING scroll labelled LUONUA BENN.
 28410 | D:15     | Entered Level 15 of the Dungeon
 28468 | D:15     | 28468 ||| Stepping ~*~*~tactically~*~*~ (stealth).
 28470 | D:15     | 28470 ||| Stepping ~*~*~tactically~*~*~ (hiding).
 28489 | D:15     | 28489 ||| INVOKING Berserk.
 28632 | D:15     | Found a staircase to the Depths.
 28707 | D:15     | 28707 ||| Stepping ~*~*~tactically~*~*~ (stealth).
 28709 | D:15     | 28709 ||| Stepping ~*~*~tactically~*~*~ (hiding).
 28766 | D:15     | Found an opulent altar of Gozag.
 28771 | D:15     | 28771 ||| INVOKING Trog's Hand.
 28785 | D:15     | 28785 ||| INVOKING Berserk.
 28808 | D:15     | 28808 ||| INVOKING Brothers in Arms.
 28809 | D:15     | 28809 ||| INVOKING Brothers in Arms.
 29003 | D:15     | Found a hide-covered altar of Uskayaw.
 29104 | D:15     | 29104 ||| Stepping ~*~*~tactically~*~*~ (stealth).
 29312 | D:15     | Identified the +0 ring mail "Qyviunn" {Str+4}
 29351 | D:15     | 29351 ||| PLANNING ORC
 29505 | Orc:1    | Entered Level 1 of the Orcish Mines
 29611 | Orc:1    | Noticed Harold
 29620 | Orc:1    | Killed Harold
 29715 | Orc:1    | 29715 ||| Stepping ~*~*~tactically~*~*~ (hiding).
 29716 | Orc:1    | 29716 ||| Stepping ~*~*~tactically~*~*~ (hiding).
 29728 | Orc:1    | Noticed Sonja
 29729 | Orc:1    | 29729 ||| INVOKING Brothers in Arms.
 29730 | Orc:1    | 29730 ||| INVOKING Brothers in Arms.
 29732 | Orc:1    | Killed Sonja
 29732 | Orc:1    | Received a gift from Trog
 29736 | Orc:1    | 29736 ||| SWAPPING to +1 broad axe.
 29900 | Orc:1    | 29900 ||| Stepping ~*~*~tactically~*~*~ (stealth).
 29902 | Orc:1    | 29902 ||| Stepping ~*~*~tactically~*~*~ (hiding).
 30003 | Orc:2    | Entered Level 2 of the Orcish Mines
 30052 | Orc:2    | 30052 ||| INVOKING Berserk.
 30201 | Orc:2    | 30201 ||| Stepping ~*~*~tactically~*~*~ (hiding).
 30230 | Orc:2    | 30230 ||| Stepping ~*~*~tactically~*~*~ (stealth).
 30232 | Orc:2    | 30232 ||| Stepping ~*~*~tactically~*~*~ (stealth).
 30234 | Orc:2    | 30234 ||| Stepping ~*~*~tactically~*~*~ (stealth).
 30250 | Orc:2    | 30250 ||| INVOKING Trog's Hand.
 30251 | Orc:2    | 30251 ||| INVOKING Berserk.
 30259 | Orc:2    | Found Kedaf's Magic Scroll Emporium.
 30259 | Orc:2    | Found Hihyim's Antique Weapon Boutique.
 30273 | Orc:2    | Reached XP level 16. HP: 157/157 MP: 15/15
 30395 | Orc:2    | 30395 ||| INVOKING Trog's Hand.
 30396 | Orc:2    | 30396 ||| INVOKING Berserk.
 30444 | Orc:2    | 30444 ||| FLEEEEING.
 30445 | Orc:2    | 30445 ||| FLEEEEING.
 30493 | Orc:2    | 30493 ||| BUYING scroll of enchant weapon (112 gold).
 30493 | Orc:2    | Bought a scroll of enchant weapon for 112 gold pieces
 30493 | Orc:2    | 30493 ||| BUYING scroll of teleportation (45 gold).
 30493 | Orc:2    | Bought a scroll of teleportation for 45 gold pieces
 30493 | Orc:2    | 30493 ||| BUYING scroll of teleportation (45 gold).
 30493 | Orc:2    | Bought a scroll of teleportation for 45 gold pieces
 30493 | Orc:2    | 30493 ||| READING scroll of enchant weapon.
 30493 | Orc:2    | 30493 ||| ENCHANTING +1 broad axe.
 30530 | Orc:2    | 30530 ||| Stepping ~*~*~tactically~*~*~ (hiding).
 30532 | Orc:2    | 30532 ||| Stepping ~*~*~tactically~*~*~ (hiding).
 30533 | Orc:2    | 30533 ||| INVOKING Trog's Hand.
 30535 | Orc:2    | 30535 ||| INVOKING Berserk.
 30550 | Orc:2    | 30550 ||| INVOKING Brothers in Arms.
 30566 | Orc:2    | 30566 ||| INVOKING Trog's Hand.
 30568 | Orc:2    | 30568 ||| Stepping ~*~*~tactically~*~*~ (hiding).
 30570 | Orc:2    | 30570 ||| INVOKING Brothers in Arms.
 30571 | Orc:2    | 30571 ||| INVOKING Brothers in Arms.
 30594 | Orc:2    | Found Evule's Armour Emporium.
 30594 | Orc:2    | Found Bytiosipn's General Store.
 30708 | Orc:2    | 30708 ||| BUYING +2 chain mail of fire resistance (236
                  | gold).
 30708 | Orc:2    | Bought a +2 chain mail of fire resistance for 236 gold
                  | pieces
 30708 | Orc:2    | 30708 ||| SHOPLISTING +8 plate armour "Ijueparph" {Fly rF++
                  | Int-4 Slay+4} (1078 gold, have 615).
 30743 | Orc:2    | 30743 ||| BUYING +1 pair of gloves of the Slightly Bent
                  | {Regen+ Int+4} (398 gold).
 30743 | Orc:2    | Bought the +1 pair of gloves of the Slightly Bent {Regen+
                  | Int+4} for 398 gold pieces
 30743 | Orc:2    | 30743 ||| BUYING potion of mutation (128 gold).
 30743 | Orc:2    | Bought a potion of mutation for 128 gold pieces
 30743 | Orc:2    | 30743 ||| BUYING scroll of identify (32 gold).
 30743 | Orc:2    | Bought a scroll of identify for 32 gold pieces
 30743 | Orc:2    | 30743 ||| BUYING scroll of teleportation (48 gold).
 30743 | Orc:2    | Bought a scroll of teleportation for 48 gold pieces
 30772 | Orc:2    | 30772 ||| Stepping ~*~*~tactically~*~*~ (stealth).
 30773 | Orc:2    | 30773 ||| Stepping ~*~*~tactically~*~*~ (stealth).
 30782 | Orc:2    | 30782 ||| FLEEEEING.
 30784 | Orc:2    | 30784 ||| FLEEEEING.
 30785 | Orc:2    | 30785 ||| FLEEEEING.
 30786 | Orc:2    | 30786 ||| FLEEEEING.
 30787 | Orc:2    | 30787 ||| FLEEEEING.
 30788 | Orc:2    | 30788 ||| FLEEEEING.
 30789 | Orc:2    | 30789 ||| FLEEEEING.
 30790 | Orc:2    | 30790 ||| FLEEEEING.
 30929 | Orc:2    | 30929 ||| Stepping ~*~*~tactically~*~*~ (hiding).
 30944 | Orc:2    | 30944 ||| Stepping ~*~*~tactically~*~*~ (stealth).
 30946 | Orc:2    | 30946 ||| Stepping ~*~*~tactically~*~*~ (hiding).
 30979 | Orc:2    | 30979 ||| Stepping ~*~*~tactically~*~*~ (hiding).
 31006 | Orc:2    | Found a staircase to the Elven Halls.
 31357 | Orc:2    | 31357 ||| UPGRADING to +1 pair of gloves of the Slightly
                  | Bent {Regen+ Int+4}.
 31367 | Orc:2    | 31367 ||| DROPPING +1 pair of gloves.
 31423 | Orc:1    | 31423 ||| PLANNING SNAKE:1-3
 31500 | Snake:1  | Entered Level 1 of the Snake Pit
 31507 | Snake:1  | 31507 ||| INVOKING Berserk.
 31629 | Snake:1  | Found Engadaje's Distillery.
 31637 | Snake:1  | 31637 ||| BUYING 2 potions of heal wounds (140 gold).
 31637 | Snake:1  | Bought 2 potions of heal wounds for 140 gold pieces
 31637 | Snake:1  | 31637 ||| BUYING 2 potions of resistance (280 gold).
 31637 | Snake:1  | Bought 2 potions of resistance for 280 gold pieces
 31637 | Snake:1  | 31637 ||| SHOPLISTING potion of curing (42 gold, have 33).
 31637 | Snake:1  | 31637 ||| SHOPLISTING potion of haste (140 gold, have 33).
 31637 | Snake:1  | 31637 ||| SHOPLISTING potion of heal wounds (70 gold, have
                  | 33).
 31647 | Snake:1  | 31647 ||| Stepping ~*~*~tactically~*~*~ (hiding).
 31648 | Snake:1  | 31648 ||| Stepping ~*~*~tactically~*~*~ (hiding).
 31720 | Snake:1  | 31720 ||| Stepping ~*~*~tactically~*~*~ (hiding).
 31721 | Snake:1  | 31721 ||| Stepping ~*~*~tactically~*~*~ (hiding).
 31726 | Snake:1  | 31726 ||| Stepping ~*~*~tactically~*~*~ (stealth).
 31729 | Snake:1  | 31729 ||| INVOKING Berserk.
 31858 | Snake:1  | 31858 ||| Stepping ~*~*~tactically~*~*~ (stealth).
 31871 | Snake:1  | Received a gift from Trog
 31909 | Snake:1  | 31909 ||| SWAPPING to +5 antimagic broad axe.
 31910 | Snake:1  | 31910 ||| DROPPING +2 broad axe.
 31922 | Snake:1  | 31922 ||| INVOKING Berserk.
 32072 | Snake:1  | 32072 ||| INVOKING Berserk.
 32226 | Snake:1  | 32226 ||| Stepping ~*~*~tactically~*~*~ (stealth).
 32381 | Snake:1  | 32381 ||| Stepping ~*~*~tactically~*~*~ (stealth).
 32389 | Snake:1  | 32389 ||| INVOKING Berserk.
 32390 | Snake:1  | Reached skill level 18 in Axes
 32398 | Snake:1  | Reached skill level 18 in Fighting
 32475 | Snake:1  | 32475 ||| Stepping ~*~*~tactically~*~*~ (stealth).
 32479 | Snake:1  | 32479 ||| Stepping ~*~*~tactically~*~*~ (hiding).
 32480 | Snake:1  | 32480 ||| Stepping ~*~*~tactically~*~*~ (hiding).
 32489 | Snake:1  | 32489 ||| INVOKING Berserk.
 32499 | Snake:1  | 32499 ||| Stepping ~*~*~tactically~*~*~ (hiding).
 32570 | Snake:1  | 32570 ||| READING scroll of enchant armour.
 32570 | Snake:1  | 32570 ||| ENCHANTING +0 cloak.
 32662 | Snake:1  | 32662 ||| Stepping ~*~*~tactically~*~*~ (hiding).
 32664 | Snake:1  | 32664 ||| INVOKING Berserk.
 32822 | Snake:1  | 32822 ||| READING scroll of enchant armour.
 32822 | Snake:1  | 32822 ||| ENCHANTING +1 cloak.
 32863 | Snake:1  | 32863 ||| Stepping ~*~*~tactically~*~*~ (hiding).
 32977 | Snake:1  | 32977 ||| READING scroll of enchant armour.
 32977 | Snake:1  | 32977 ||| ENCHANTING +2 plate armour of poison resistance.
 33131 | Snake:1  | 33131 ||| DROPPING ring of willpower.
 33185 | Snake:2  | 33185 ||| Stepping ~*~*~tactically~*~*~ (hiding).
 33195 | Snake:2  | 33195 ||| INVOKING Berserk.
 33340 | Snake:2  | 33340 ||| Stepping ~*~*~tactically~*~*~ (stealth).
 33343 | Snake:2  | 33343 ||| Stepping ~*~*~tactically~*~*~ (hiding).
 33344 | Snake:2  | 33344 ||| Stepping ~*~*~tactically~*~*~ (hiding).
 33345 | Snake:2  | 33345 ||| Stepping ~*~*~tactically~*~*~ (hiding).
 33347 | Snake:2  | 33347 ||| Stepping ~*~*~tactically~*~*~ (stealth).
 33354 | Snake:2  | 33354 ||| Stepping ~*~*~tactically~*~*~ (hiding).
 33406 | Snake:2  | 33406 ||| INVOKING Berserk.
 34032 | Snake:3  | 34032 ||| Stepping ~*~*~tactically~*~*~ (hiding).
 34118 | Snake:3  | 34118 ||| Stepping ~*~*~tactically~*~*~ (stealth).
 34123 | Snake:3  | Reached skill level 9 in Throwing
 34146 | Snake:3  | 34146 ||| Stepping ~*~*~tactically~*~*~ (hiding).
 34152 | Snake:3  | 34152 ||| Stepping ~*~*~tactically~*~*~ (hiding).
 34153 | Snake:3  | 34153 ||| INVOKING Berserk.
 34283 | Snake:3  | 34283 ||| Stepping ~*~*~tactically~*~*~ (hiding).
 34285 | Snake:3  | 34285 ||| INVOKING Berserk.
 34549 | Snake:3  | 34549 ||| Stepping ~*~*~tactically~*~*~ (hiding).
 34555 | Snake:3  | 34555 ||| INVOKING Berserk.
 34790 | Snake:3  | 34790 ||| PLANNING SWAMP:1-3
 34878 | Swamp:1  | Entered Level 1 of the Swamp
 34879 | Swamp:1  | 34879 ||| INVOKING Trog's Hand.
 34881 | Swamp:1  | 34881 ||| INVOKING Berserk.
 34885 | Swamp:1  | Identified the +11 executioner's axe of Delicate Painful
                  | Death {vorpal, Will+} (Trog gifted it to you on level 1 of
                  | the Swamp)
 34885 | Swamp:1  | Received a gift from Trog
 35013 | Swamp:1  | 35013 ||| UPGRADING to amulet of reflection.
 35014 | Swamp:1  | 35014 ||| INVOKING Berserk.
 35038 | Swamp:1  | 35038 ||| Stepping ~*~*~tactically~*~*~ (water).
 35176 | Swamp:1  | 35176 ||| Stepping ~*~*~tactically~*~*~ (water).
 35194 | Swamp:1  | 35194 ||| Stepping ~*~*~tactically~*~*~ (stealth).
 35200 | Swamp:1  | 35200 ||| Stepping ~*~*~tactically~*~*~ (stealth).
 35201 | Swamp:1  | 35201 ||| Stepping ~*~*~tactically~*~*~ (stealth).
 35202 | Swamp:1  | 35202 ||| Stepping ~*~*~tactically~*~*~ (stealth).
 35206 | Swamp:1  | 35206 ||| INVOKING Berserk.
 35395 | Swamp:1  | 35395 ||| Stepping ~*~*~tactically~*~*~ (hiding).
 35414 | Swamp:1  | 35414 ||| Stepping ~*~*~tactically~*~*~ (hiding).
 35416 | Swamp:1  | 35416 ||| INVOKING Berserk.
 35430 | Swamp:1  | Reached skill level 19 in Fighting
 35430 | Swamp:1  | Reached XP level 17. HP: 156/168 MP: 5/16
 35439 | Swamp:1  | 35439 ||| INVOKING Brothers in Arms.
 35440 | Swamp:1  | 35440 ||| SWAPPING to +3 war axe of flaming.
 35442 | Swamp:1  | 35442 ||| SWAPPING to +5 antimagic broad axe.
 35770 | Swamp:1  | 35770 ||| UPGRADING to amulet of reflection.
 35780 | Swamp:1  | 35780 ||| DROPPING amulet of the acrobat.
 35781 | Swamp:1  | 35781 ||| DROPPING amulet of guardian spirit.
 35838 | Swamp:2  | 35838 ||| FLEEEEING.
 35839 | Swamp:2  | 35839 ||| FLEEEEING.
 35840 | Swamp:2  | 35840 ||| STAIRDANCE
 35916 | Swamp:2  | Noticed Aizul
 35917 | Swamp:2  | 35917 ||| INVOKING Trog's Hand.
 35920 | Swamp:2  | 35920 ||| INVOKING Berserk.
 35927 | Swamp:2  | Killed Aizul
 36316 | Swamp:3  | 36316 ||| SWAPPING to +3 war axe of flaming.
 36317 | Swamp:3  | 36317 ||| STAIRDANCE
 36323 | Swamp:2  | 36323 ||| SWAPPING to +5 antimagic broad axe.
 36328 | Swamp:3  | 36328 ||| STAIRDANCE
 36334 | Swamp:3  | 36334 ||| INVOKING Berserk.
 36357 | Swamp:3  | 36357 ||| Stepping ~*~*~tactically~*~*~ (cloud).
 36359 | Swamp:3  | 36359 ||| FLEEEEING.
 36363 | Swamp:3  | 36363 ||| STAIRDANCE
 36510 | Swamp:3  | 36510 ||| Stepping ~*~*~tactically~*~*~ (hiding).
 36513 | Swamp:3  | 36513 ||| Stepping ~*~*~tactically~*~*~ (hiding).
 36528 | Swamp:3  | 36528 ||| SWAPPING to +3 war axe of flaming.
 36533 | Swamp:3  | 36533 ||| SWAPPING to +5 antimagic broad axe.
 36591 | Swamp:3  | 36591 ||| INVOKING Berserk.
 36704 | Swamp:3  | 36704 ||| INVOKING Berserk.
 36800 | Swamp:3  | 36800 ||| INVOKING Berserk.
 36900 | Swamp:3  | 36900 ||| Stepping ~*~*~tactically~*~*~ (stealth).
 36909 | Swamp:3  | 36909 ||| Stepping ~*~*~tactically~*~*~ (cloud).
 37016 | Swamp:3  | Noticed Louise
 37017 | Swamp:3  | 37017 ||| INVOKING Trog's Hand.
 37018 | Swamp:3  | 37018 ||| Stepping ~*~*~tactically~*~*~ (hiding).
 37019 | Swamp:3  | 37019 ||| Stepping ~*~*~tactically~*~*~ (hiding).
 37021 | Swamp:3  | 37021 ||| Stepping ~*~*~tactically~*~*~ (hiding).
 37039 | Swamp:3  | 37039 ||| INVOKING Trog's Hand.
 37051 | Swamp:3  | Killed Louise
 37052 | Swamp:3  | Reached skill level 18 in Armour
 37068 | Swamp:3  | 37068 ||| INVOKING Berserk.
 37089 | Swamp:3  | 37089 ||| Stepping ~*~*~tactically~*~*~ (water).
 37098 | Swamp:3  | HP: 40/168 [goliath frog (15)]
 37099 | Swamp:3  | 37099 ||| READING 8 scrolls of teleportation.
 37100 | Swamp:3  | 37100 ||| DRINKING 6 potions of heal wounds.
 37210 | Swamp:3  | 37210 ||| DRINKING 3 potions of resistance.
 37220 | Swamp:3  | 37220 ||| Stepping ~*~*~tactically~*~*~ (water).
 37225 | Swamp:3  | Reached skill level 9 in Dodging
 37278 | Swamp:3  | 37278 ||| INVOKING Berserk.
 37581 | Swamp:3  | 37581 ||| PLANNING SNAKE:4
 37581 | Swamp:3  | 37581 ||| UPGRADING to scarf of resistance.
 37611 | Swamp:3  | 37611 ||| UPGRADING to +0 tower shield.
 37621 | Swamp:3  | 37621 ||| DROPPING +2 kite shield of protection.
 37632 | Swamp:3  | 37632 ||| SWAPPING to +3 war axe of flaming.
 37633 | Swamp:3  | 37633 ||| Stepping ~*~*~tactically~*~*~ (water).
 37639 | Swamp:3  | 37639 ||| SWAPPING to +5 antimagic broad axe.
 37664 | Swamp:3  | 37664 ||| INVOKING Berserk.
 37801 | Swamp:3  | 37801 ||| INVOKING Berserk.
 38159 | Snake:4  | Entered Level 4 of the Snake Pit
 38181 | Snake:4  | 38181 ||| INVOKING Berserk.
 38208 | Snake:4  | HP: 27/168 [salamander mystic/bolt of magma (17)]
 38209 | Snake:4  | Reached skill level 18 in Shields
 38209 | Snake:4  | 38209 ||| READING 8 scrolls of teleportation.
 38210 | Snake:4  | 38210 ||| DRINKING 6 potions of heal wounds.
 38213 | Snake:4  | HP: 40/168 [constriction (3)]
 38214 | Snake:4  | 38214 ||| READING 7 scrolls of teleportation.
 38215 | Snake:4  | 38215 ||| DRINKING 5 potions of heal wounds.
 38215 | Snake:4  | Noticed Vashnia
 38215 | Snake:4  | HP: 13/168 [Vashnia/bolt (11)]
 38216 | Snake:4  | 38216 ||| READING 6 scrolls of teleportation.
 38216 | Snake:4  | Shot with an arrow by a naga sharpshooter

Levels and vault maps discovered:
D:1:      ebering_trefoil_twist, layout_basic,
          hellmonk_ecumenical_altar_heavens_door, serial_shops, shop,
          nicolae_lakefront_shop, minivault_19, chequers_arboretum,
          minmay_lizard_king
D:2:      minmay_razor_zed, layout_loops_ring, basic_altar, serial_forest,
          infiniplex_forest_clump_curved, infiniplex_forest_lined_2,
          infiniplex_forest_diagonal, infiniplex_forest_straight_2,
          infiniplex_forest_zigzag_2, infiniplex_forest_lined_1,
          infiniplex_forest_corner_1, infiniplex_forest_straight_2, uniq_natasha
D:3:      layout_rooms, jmf_multi_god_temple, ebering_ghost_reflecting_pool,
          serial_shops, nicolae_diamond_shop, uniq_terence
D:4:      layout_loops_cross, kennysheep_little_box, nicolae_eternal_life,
          chequers_serial_rivers_large_b, minmay_increasing_density
D:5:      layout_basic, uniq_edmund
D:6:      layout_loops_ring
D:7:      layout_loops_corners, tgw_xom, mainiacjoe_overflow_alcove_2,
          minmay_temple_entry_antechambers, small_statue_intersection
D:8:      layout_basic, special_room [special_room_orc]
D:9:      layout_big_octagon, mainiacjoe_overflow_brackets,
          okawaru_altar_gauntlet_db, fiery_altar_vehumet,
          due_lair_maze_entry_diamond, serial_glass, glass_columns_b,
          glass_columns_a, serial_park_tiny_2
D:10:     layout_long_grid, lemuel_crystal_altar,
          mainiacjoe_overflow_tiny_flanked, minmay_orc_entry_guard_dogs,
          gammafunk_ghost_wrathful_warriors, nooodl_orcs_dogs
D:11:     layout_basic, serial_shops, nicolae_shop_bloodbath_and_beyond,
          uniq_psyche, uniq_snorg, uniq_nergalle
D:12:     layout_cave_pools, uniq_jorgrun
D:13:     layout_grid_maze, serial_shops, shop_fountains,
          minmay_statue_crystal_thing
D:14:     lemuel_castle_with_subvaults [lemuel_castle_interior_carwin_1],
          layout_irregular_city, grunt_vaults_entry_tiered, hex_medium
D:15:     hangedman_depths_entry_try_elsewhere_first, layout_rooms,
          nicolae_gozag_seed_capital, dancing_weapons_uskayaw
Lair:1:   lemuel_slime, layout_regular_city, uniq_maggie
Lair:2:   layout_roguey, guppyfry_snake_entry_garden, grunt_megastairs_4,
          uniq_amaemon, uniq_erica
Lair:3:   layout_long_grid, swamp_mist_pool, serial_bayou_shore_b,
          infiniplex_staircase_pool, grunt_megastairs_2, uniq_josephine
Lair:4:   layout_concentric_octagons, slime_entry_2, pf_torpor_hydra,
          grunt_megastairs_1, uniq_kirke
Lair:5:   hellmonk_lair_end_abyssal_woods, layout_cave_pods,
          serial_bayou_shore_a
Swamp:1:  layout_basic_swamp, evilmike_swamp_ruin_house_2
Swamp:2:  layout_falls_marsh, nicolae_swamp_ascending_descending, uniq_aizul
Swamp:3:  cheibrodos_swamp_heart_of_darkness, layout_basic_swamp,
          nicolae_swamp_some_circles, swamp_pool1, nicolae_swamp_catching_bugs,
          uniq_louise
Snake:1:  layout_grid_maze, serial_shops, shop, minmay_snake_pond
Snake:2:  layout_onion
Snake:3:  layout_misc_corridors, drop_trap
Snake:4:  snake_pit, layout_cave_town, nrook_guardian_serpent_ordinary,
          uniq_vashnia
Orc:1:    layout_diamond_mine, basic_altar, rock_pile, uniq_harold, uniq_sonja
Orc:2:    st_orc_town, layout_caves, basic_altar, nicolae_orc_stony_grotto,
          guppyfry_library_mini

Skill      XL: |  1  2  3  4  5  6  7  8  9 10 11 12 13 14 15 16 17 |
---------------+----------------------------------------------------+-----
Axes           | 4 5 6 7 9 10 12 14 16 18 | 18.0
Shields        | 4 5 6 7 9 10 11 13 14 15 16 18 | 18.0
Fighting       | 4 5 7 8 10 12 15 16 17 19 | 19.2
Armour         | 3 5 6 7 9 11 13 15 16 17 18 | 18.0
Throwing       | 1 2 5 8 9 |  9.0
Dodging        | 3 5 6 7 8 9 |  9.0

Action                   |  1- 3 |  4- 6 |  7- 9 | 10-12 | 13-15 | 16-18 || total
-------------------------+-------+-------+-------+-------+-------+-------++-------
Melee: Hand axe          |    94 |     1 |       |       |       |       ||    95
       Headbutt          |     6 |    23 |    50 |    76 |   232 |   146 ||   533
       Punch             |     1 |       |       |       |       |       ||     1
       War axe           |       |   158 |   275 |   340 |   881 |    13 ||  1667
       Flail             |       |       |       |     4 |       |       ||     4
       Broad axe         |       |       |       |       |    59 |   631 ||   690
Throw: Boomerang         |       |       |    40 |    95 |       |     9 ||   144
       Javelin           |       |       |       |       |    42 |    64 ||   106
Invok: Berserk           |     1 |     6 |    14 |    24 |    25 |    28 ||    98
       Brothers in Arms  |       |       |       |     2 |     8 |     3 ||    13
       Trog's Hand       |       |       |       |     1 |     4 |     7 ||    12
  Use: Potion            |     1 |       |     4 |     3 |     1 |     4 ||    13
       Scroll            |       |     4 |    11 |     7 |     8 |     8 ||    38
 Stab: Sleeping          |     1 |       |       |       |       |       ||     1
       Invisible         |       |       |     1 |       |       |       ||     1
       Petrified         |       |       |       |       |     3 |       ||     3
       Petrifying        |       |       |       |       |     1 |       ||     1
Armor: Animal skin       |     8 |       |       |       |       |       ||     8
       Ring mail         |     2 |    16 |       |       |       |       ||    18
       Chain mail        |       |    31 |    61 |       |       |       ||    92
       Plate armour      |       |       |    38 |   144 |   389 |   252 ||   823
Dodge: Dodged            |    45 |    51 |    78 |   115 |   279 |   182 ||   750
Block: Kite shield       |       |    47 |   132 |   187 |   441 |   395 ||  1202
       Tower shield      |       |       |       |       |       |   100 ||   100
       Reflection        |       |       |       |       |       |    16 ||    16

Table legend:
 A = Non-vault XP
 B = Vault XP
 C = Vault XP percentage of total XP
 D = Non-vault monster count
 E = Vault monster count
 F = Vault count percentage of total count
                 A         B        C        D         E       F
            +---------+---------+-------+---------+---------+-------
      Total |  163661 |   97312 |  37.3 |     577 |     377 |  39.5
            +---------+---------+-------+---------+---------+-------
        D:1 |      34 |      11 |  24.4 |      20 |      11 |  35.5
        D:2 |     110 |      60 |  35.3 |      16 |      14 |  46.7
        D:3 |     103 |      39 |  27.5 |      27 |       3 |  10.0
        D:4 |     246 |     216 |  46.8 |      21 |      10 |  32.3
        D:5 |     773 |     164 |  17.5 |      17 |       1 |   5.6
        D:6 |    1056 |       0 |   0.0 |      13 |       0 |   0.0
        D:7 |    1113 |     397 |  26.3 |      19 |       5 |  20.8
        D:8 |    1591 |     503 |  24.0 |      13 |      24 |  64.9
        D:9 |    3104 |    1132 |  26.7 |      25 |      15 |  37.5
       D:10 |    3053 |    1480 |  32.6 |      12 |      14 |  53.8
       D:11 |    4835 |    2052 |  29.8 |      20 |       3 |  13.0
       D:12 |    5293 |    1759 |  24.9 |      18 |       1 |   5.3
       D:13 |    5427 |       0 |   0.0 |      17 |       0 |   0.0
       D:14 |    2868 |   32842 |  92.0 |       4 |      79 |  95.2
       D:15 |   14548 |    2285 |  13.6 |      28 |       4 |  12.5
     Lair:1 |    5651 |    1211 |  17.6 |      16 |      21 |  56.8
     Lair:2 |    2300 |    3316 |  59.0 |      10 |       8 |  44.4
     Lair:3 |    5495 |    2988 |  35.2 |      25 |      10 |  28.6
     Lair:4 |   15610 |    2731 |  14.9 |      40 |       7 |  14.9
     Lair:5 |    7726 |   11007 |  58.8 |      20 |      37 |  64.9
    Swamp:1 |   12684 |       0 |   0.0 |      25 |       0 |   0.0
    Swamp:2 |    8590 |    1242 |  12.6 |      16 |       1 |   5.9
    Swamp:3 |   15516 |    9850 |  38.8 |      30 |      17 |  36.2
    Snake:1 |   15954 |    6271 |  28.2 |      31 |       9 |  22.5
    Snake:2 |   10511 |       0 |   0.0 |      18 |       0 |   0.0
    Snake:3 |   13178 |       0 |   0.0 |      22 |       0 |   0.0
    Snake:4 |    2738 |    6034 |  68.8 |       4 |      10 |  71.4
      Orc:1 |     512 |    2481 |  82.9 |      12 |       3 |  20.0
      Orc:2 |    3042 |    7241 |  70.4 |      38 |      70 |  64.8
            +---------+---------+-------+---------+---------+-------
